 Dungeon Crawl Stone Soup version 0.27-a0-1513-g2aaa0cc67b (webtiles) character file.

Game seed: 5540101762811998250

151 Spaninq the Cudgeller (level 5, 0/66 HPs)
             Began as a Palentonga Berserker on July 9, 2021.
             Was a Believer of Trog.
             Slain by a gnoll (2 damage)
             ... on level 1 of the Dungeon.
             The game lasted 00:05:36 (1743 turns).

Spaninq the Cudgeller (Palentonga Berserker)        Turns: 1743, Time: 00:05:37

Health: 0/66       AC:  7    Str: 20    XL:     5   Next: 11%
Magic:  5/5        EV:  6    Int:  7    God:    Trog [**....]
Gold:   44         SH:  0    Dex: 11    Spells: 4/4 levels left

rFire    . . .     SeeInvis +   b - +0 whip
rCold    . . .     Faith    .   (no shield)
rNeg     . . .     Spirit   .   c - +0 chain mail
rPois    .         Reflect  .   (no helmet)
rElec    .         Harm     .   (no cloak)
rCorr    .         Rampage  .   (no gloves)
Will     .....                  (no barding)
Stlth    ..........             (no amulet)
HPRegen  0.21/turn              (no ring)
MPRegen  0.09/turn              (no ring)

@: berserking, very quick
A: large, rugged brown scales 3, see invisible, deformed body, roll 1, armoured
tail
a: Rolling Charge, Renounce Religion, Berserk, Trog's Hand


You were on level 1 of the Dungeon.
You worshipped Trog.
Trog was pleased with you.
You visited 1 branch of the dungeon, and saw 2 of its levels.

You collected 44 gold pieces.

Inventory:

Hand Weapons
 b - a +0 whip (weapon)
Armour
 c - a +0 chain mail (worn)
Scrolls
 a - a scroll of noise {unknown}
 g - a scroll of magic mapping {unknown}
Potions
 d - a potion of lignification {unknown}
 e - a potion of degeneration {unknown}
 f - a potion of flight {unknown}


   Skills:
 + Level 3.9 Fighting
 * Level 4.6 Maces & Flails
 + Level 2.5 Armour
 - Level 1.6 Dodging


You had 4 spell levels left.
You didn't know any spells.
Your spell library was empty.

Dungeon Overview and Level Annotations

Branches:
Dungeon (2/15)

Altars:

Annotations:
D:2 Sigmund


Innate Abilities, Weirdness & Mutations

You are completely covered in rugged brown scales. (AC +3, +7% HP)
You have supernaturally acute eyesight. (SInv)
Armour fits poorly on your strangely shaped body.
You can roll at nearby foes to attack.
You have a long armoured tail.


Message History

You hit the gnoll but do no damage.
The gnoll is almost dead.
The gnoll barely misses you. x2
You closely miss the gnoll.
The gnoll is almost dead.
The gnoll hits you with a +0 flail of protection!
The gnoll completely misses you. The gnoll hits you with a +0 whip.
The gnoll barely misses you.
There is an escape hatch in the ceiling here.
The gnoll hits you with a +0 whip.
The gnoll hits you from afar with a +0 halberd!
* * * LOW HITPOINT WARNING * * *
A mysterious force pulls you upwards. The hatch slams shut behind you.
A red film seems to cover your vision as you go berserk!
You feel yourself moving faster!
You feel mighty! The gnoll hits you with a +0 whip.
* * * LOW HITPOINT WARNING * * *
The gnoll hits you with a +0 flail of protection.
* * * LOW HITPOINT WARNING * * *
You hit the gnoll.
The gnoll is lightly wounded.
The gnoll hits you with a +0 whip.
* * * LOW HITPOINT WARNING * * *
The gnoll barely misses you.
You barely miss the gnoll.
Your tail-slap misses the gnoll.
The gnoll is lightly wounded.
The gnoll closely misses you.
The gnoll hits you with a +0 flail of protection!
* * * LOW HITPOINT WARNING * * *
Unknown command.
Unknown command.
Unknown command.
Unknown command.
You whack the gnoll!
You kill the gnoll!
Trog accepts your kill.
You barely miss the gnoll. You tail-slap the gnoll.
The gnoll is moderately wounded.
The gnoll hits you with a +0 whip.
You die...

###......######.....)............
.........# #######.###.#......
.........## #.# #.#......
######....#### #.###........
###.....########............
#...†...........#####.....
#......#.....#.#####....#.
#......###................
#.......)@g###.#####......
#.......#................#
#......##..........#.....#
##...####..........#.....# #..#.#
#................# #.##.#
#...........######
####.####..........##
#...............#
######..........#


You could see a gnoll.

Vanquished Creatures
  A phantom (D:2)
  A gnoll (D:1)
  An adder (D:2)
  2 worms (D:2)
  A dart slug (D:1)
  6 ball pythons
  3 endoplasms
  7 giant cockroaches
  3 goblins
  3 hobgoblins (D:1)
  3 quokkas
  5 bats
  4 frilled lizards (D:1)
  6 kobolds
  6 rats
52 creatures vanquished.

Vanquished Creatures (others)
  3 plants (D:1)
3 creatures vanquished.

Grand Total: 55 creatures vanquished

Notes
Turn   | Place    | Note
-------+----------+-------------------------------------------
     0 | D:1      | Spaninq the Palentonga Berserker began the quest for the
                  | Orb.
     0 | D:1      | Reached XP level 1. HP: 19/19 MP: 1/1
    67 | D:1      | Reached XP level 2. HP: 13/25 MP: 2/2
   614 | D:1      | Reached ** piety under Trog
   854 | D:1      | Reached XP level 3. HP: 31/31 MP: 3/3
  1306 | D:2      | Noticed Sigmund
  1474 | D:2      | Reached skill level 4 in Maces & Flails
  1587 | D:2      | Reached XP level 4. HP: 37/37 MP: 4/4
  1594 | D:2      | Noticed a phantom
  1606 | D:2      | Killed a phantom
  1607 | D:2      | Reached XP level 5. HP: 44/44 MP: 5/5
  1741 | D:1      | HP: 1/66 [gnoll (7)]
  1743 | D:1      | Slain by a gnoll

Illustrated notes

Levels and vault maps discovered:
D:1:      wander_arrival_fairy_ring, layout_rooms, st_stairs_12
D:2:      layout_basic, minmay_ruptured, uniq_sigmund, uniq_jessica

Skill      XL: |  1  2  3 |
---------------+----------+-----
Armour         | 2 |  2.5
Maces & Flails | 4 |  4.6
Fighting       | |  3.9
Dodging        | |  1.6

Action                   |  1- 3 |  4- 6 || total
-------------------------+-------+-------++-------
Melee: Mace              |    14 |       ||    14
       Tailslap          |    16 |     4 ||    20
       Whip              |   127 |    20 ||   147
Invok: Berserk           |     1 |     2 ||     3
 Abil: Rolling Charge    |    27 |     1 ||    28
Armor: Chain mail        |    79 |     1 ||    80
       Animal skin       |     1 |       ||     1
Dodge: Dodged            |    40 |     7 ||    47

Table legend: (Time is in decaauts)
 A = Elapsed time spent in this place.
 B = Non-inter-level travel time spent in this place.
 C = Inter-level travel time spent in this place.
 D = Time resting spent in this place.
 E = Time spent auto-exploring this place.
 F = Levels seen in this place.
 G = Mean time per level.
                   A        B        C        D        E       F      G
               +--------+--------+--------+--------+--------+-----+--------+
         Total |   1757 |   1725 |     32 |    342 |   1032 |   2 |  878.5 |
       Dungeon |   1757 |   1725 |     32 |    342 |   1032 |   2 |  878.5 |
               +--------+--------+--------+--------+--------+-----+--------+

Top non-repeatable levels by time:
     D:1: 1050 daAuts
     D:2: 707 daAuts
